 Dungeon Sprint DCSS version 0.26.1-11-gd32895ea62 (webtiles) character file.

Game seed: 17517398044048918143

125924 Zeld the Champion of Chaos (level 16, -13/182 HPs)
             Began as a Deep Dwarf Fighter on June 6, 2021.
             Was the Champion of Makhleb.
             Killed from afar by an electric golem (20 damage)
             ... with a bolt of lightning
             ... in the Dungeon (Sprint V: "Ziggurat Sprint").
             The game lasted 00:14:17 (6855 turns).

Zeld the Champion of Chaos (Deep Dwarf Fighter)     Turns: 6855, Time: 00:14:18

Health: -13/182    AC: 39    Str: 42    XL:     16   Next: 42%
Magic:  0/34       EV: 12    Int: 10    God:    Makhleb [******]
Gold:   0          SH: 32    Dex: 12    Spells: 29/44 levels left

rFire    . . .     SeeInvis +   C - +14 obsidian axe {vorpal, +Fly SInv *Curse}
rCold    + . .     Faith    .   k - +3 tower shield
rNeg     + . .     Spirit   +   j - +5 crystal plate armour
rPois    +         Reflect  .   (no helmet)
rElec    .         Harm     .   K - +1 cloak of Starlight {*Dazzle EV+4 Stlth--}
rCorr    .         Rampage  .   (no gloves)
Will     ++...     NoTele   +   H - +4 pair of boots of Pleasant Breezes {rC+ Str+4}
Stlth    ..........             a - amulet "Nuzuxalu" {Spirit rPois}
HPRegen  0.00/turn              w - +6 ring of strength
MPRegen  0.24/turn              x - +6 ring of strength

@: flying (expiring), mesmerised, non-regenerating, studying 2 skills
A: damage resistance, heal wounds, negative energy resistance 1, sense
surroundings 2, no regeneration
a: Heal Wounds, Renounce Religion, Minor Destruction, Lesser Servant of Makhleb,
Major Destruction, Greater Servant of Makhleb


You were in the Dungeon.
You worshipped Makhleb.
Makhleb was exalted by your worship.
You visited 1 branch

Inventory:

Hand Weapons
 l - a +5 broad axe of flaming
 C - the +14 obsidian axe (weapon) {vorpal, +Fly SInv *Curse}
   (You found it in the Dungeon)

   It inflicts extra damage upon your enemies.
   It lets you see invisible.
   It lets you fly.
   It curses itself when equipped.
Armour
 j - a +5 crystal plate armour (worn)
 k - a +3 tower shield (worn)
 H - the +4 pair of boots of Pleasant Breezes (worn) {rC+ Str+4}
   (You found it in the Dungeon)

   It affects your strength (+4).
   It protects you from cold.
 K - the +1 cloak of Starlight (worn) {*Dazzle EV+4 Stlth--}
   (You found it in the Dungeon)

   It affects your evasion (+4).
   It makes you much less stealthy.
Jewellery
 a - the amulet "Nuzuxalu" (around neck) {Spirit rPois}
   (You found it in the Dungeon)

   [amulet of guardian spirit]

   It causes incoming damage to be split between your health and magic.
   It protects you from poison.
 h - an uncursed amulet of magic regeneration
 w - a +6 ring of strength (left hand)
 x - a +6 ring of strength (right hand)
Wands
 z - a wand of disintegration (7)
 A - a wand of iceblast (7)
 B - a wand of acid (7)
Scrolls
 i - 2 scrolls of blinking
 m - 4 scrolls of amnesia
 n - 10 scrolls of fog
 o - 3 scrolls of holy word
 p - 5 scrolls of identify
 q - 4 scrolls of remove curse
 r - 2 scrolls of fear
 t - 2 scrolls of brand weapon
Potions
 c - 6 potions of might
 d - 7 potions of curing
 e - 7 potions of heal wounds
 f - 18 potions of haste
 g - 7 potions of magic
 s - 2 potions of brilliance
 u - 4 potions of resistance
Books
 F - a manual of Shields
 I - a manual of Axes
Miscellaneous
 b - a lightning rod (4/4)
 v - a box of beasts
 y - a condenser vane
 E - a phantom mirror
 G - a phial of floods


   Skills:
 * Level 21.1 Fighting
 - Level 20.0 Axes
 + Level 18.3 Armour
 - Level 25.0 Shields
 - Level 1.7 Unarmed Combat
 + Level 14.5 Spellcasting
 O Level 27 Invocations


You had 29 spell levels left.
You knew the following spells:

 Your Spells              Type           Power        Failure   Level
a - Blink                 Tloc           N/A          61%         2
b - Gell's Gravitas       Tloc           3%           83%         3
c - Lesser Beckoning      Tloc           3%           83%         3
d - Teleport Other        Tloc           7%           83%         3
e - Passage of Golubria   Tloc           N/A          99%         4

Your spell library contained the following spells:

 Spells                   Type           Power        Failure   Level
 Apportation              Tloc           14%          45%         1
 Beastly Appendage        Tmut           14%          45%         1
 Foxfire                  Conj/Fire      28%          45%         1
 Freeze                   Ice            28%          45%         1
 Magic Dart               Conj           28%          45%         1
 Sting                    Tmut/Pois      28%          45%         1
 Summon Small Mammal      Summ           28%          45%         1
 Corpse Rot               Necr/Air       N/A          61%         2
 Ensorcelled Hibernation  Hex/Ice        14%          61%         2
 Passwall                 Tmut/Erth      5%           61%         2
 Poisonous Vapours        Pois/Air       14%          61%         2
 Sublimation of Blood     Necr           3%           61%         2
 Wereblood                Tmut           7%           61%         2
 Conjure Flame            Conj/Fire      7%           83%         3
 Dazzling Flash           Conj/Hex       14%          83%         3
 Frozen Ramparts          Ice            14%          83%         3
 Ignite Poison            Fire/Tmut/Pois 7%           83%         3
 Inner Flame              Hex/Fire       7%           83%         3
 Mephitic Cloud           Conj/Pois/Air  7%           83%         3
 Ozocubu's Armour         Ice            7%           83%         3
 Spider Form              Tmut/Pois      3%           83%         3
 Static Discharge         Conj/Air       7%           83%         3
 Stone Arrow              Conj/Erth      14%          83%         3
 Animate Dead             Necr           3%           99%         4
 Cause Fear               Hex            3%           99%         4
 Dispel Undead            Necr           7%           99%         4
 Ice Form                 Ice/Tmut       7%           99%         4
 Iskenderun's Mystic Bla  Conj/Tloc      7%           99%         4
 Olgreb's Toxic Radiance  Pois           7%           99%         4
 Sticky Flame             Conj/Fire      7%           99%         4
 Summon Ice Beast         Ice/Summ       7%           99%         4
 Agony                    Necr           7%           100%        5
 Blade Hands              Tmut           3%           100%        5
 Bolt of Magma            Conj/Fire/Erth 3%           100%        5
 Borgnjor's Vile Clutch   Necr/Erth      3%           100%        5
 Excruciating Wounds      Necr           3%           100%        5
 Fireball                 Conj/Fire      3%           100%        5
 Irradiate                Conj/Tmut      3%           100%        5
 Iskenderun's Battlesphe  Conj           7%           100%        5
 Lightning Bolt           Conj/Air       3%           100%        5
 Metabolic Englaciation   Hex/Ice        3%           100%        5
 Silence                  Hex/Air        3%           100%        5
 Summon Demon             Summ           3%           100%        5
 Summon Forest            Summ/Tloc      3%           100%        5
 Summon Mana Viper        Hex/Summ       7%           100%        5
 Yara's Violent Unravell  Hex/Tmut       3%           100%        5
 Conjure Ball Lightning   Conj/Air       3%           100%        6
 Freezing Cloud           Conj/Ice/Air   3%           100%        6
 Hydra Form               Tmut           3%           100%        6
 Iron Shot                Conj/Erth      3%           100%        6
 Ozocubu's Refrigeration  Ice            3%           100%        6
 Shadow Creatures         Summ           N/A          100%        6
 Simulacrum               Ice/Necr       3%           100%        6
 Starburst                Conj/Fire      3%           100%        6
 Statue Form              Tmut/Erth      4%           100%        6
 Dragon Form              Tmut           3%           100%        7
 Orb of Destruction       Conj           3%           100%        7
 Spellforged Servitor     Conj/Summ      3%           100%        7
 Summon Hydra             Summ           3%           100%        7
 Chain Lightning          Conj/Air       3%           100%        8
 Ignition                 Fire           3%           100%        8
 Lehudib's Crystal Spear  Conj/Erth      3%           100%        8
 Absolute Zero            Ice            3%           100%        9
 Dragon's Call            Summ           3%           100%        9
 Fire Storm               Conj/Fire      3%           100%        9
 Shatter                  Erth           3%           100%        9
 Tornado                  Air            3%           100%        9


Dungeon Overview and Level Annotations

Branches:
Dungeon (1/1)

Altars:
Ashenzari
Cheibriados
Dithmenos
Elyvilon
Fedhas
Gozag
Hepliaklqana
Kikubaaqudgha
Makhleb
Nemelex Xobeh
Okawaru
Qazlal
Ru
Sif Muna
Trog
Uskayaw
Vehumet
Wu Jian
Xom
Yredelemnul
Zin
The Shining One
Beogh
Jiyva
Lugonu


Innate Abilities, Weirdness & Mutations

You are resistant to damage.
You can heal yourself by infusing magical energy.
You resist negative energy. (rN+)
You passively map the area around you.
You do not regenerate.


Message History

Press: ? - help, Dir - move target You can't see that place. [the floor.]
Okay, then.
You feel much better.
The spriggan air mage shouts!
The electric golem crackles and sizzles.
The electric golem hurls lightning at you.
The bolt of lightning hits you!
* * * LOW HITPOINT WARNING * * *
The electric golem hurls lightning at you.
The bolt of lightning misses the air elemental.
The bolt of lightning hits you!!
* * * LOW HITPOINT WARNING * * *
The spriggan air mage waves its arms in wide circles.
The air twists around and violently strikes you in flight!
* * * LOW HITPOINT WARNING * * *
The electric golem hurls lightning at you.
The bolt of lightning hits you!!
You die...

*.8§§§§D§§:D§k:D ▓..)
▓§§§§iEkCi8E§))iC ▓...
▓§§iEi8D§.ikD.... ▓...
▓.§8§§§§§D§8i....,▓...
▓.§§§§§8§i§§§.... ▓...
▓.C§§DE§§.§§§.... ▓...
▓.§§§§§§§8kE§.... ▓...
▓..8.....§§§§.... ▓...
▓....@....§§§.... ▓...
▓....▓...§§§§▓... ▓..▓
▓...▓▓▓...§§▓▓▓.. ▓...
▓....▓.......▓... ▓...
▓................ ▓...
▓................ ▓▓▓▓
▓........©....... ,
▓▓▓▓▓▓▓▓▓▓▓▓▓▓▓▓▓* , ,
, , , ,


You could see 7 electric golems, 2 titans, 4 storm dragons, 3 wind drakes, 7
spriggan air magi and 5 air elementals.

Vanquished Creatures
  A golden dragon (D)
  A lich (D)
  2 deep elf blademasters (D)
  A quicksilver dragon (D)
  An acid blob (D)
  6 deep elf master archers (D)
  A draconian monk (D)
  3 shadow dragons (D)
  An azure jelly (D)
  2 frost giants (D)
  2 iron dragons (D)
  A ghost moth (D)
  4 draconian knights (D)
  4 fire giants (D)
  3 deep elf sorcerers (D)
  An emperor scorpion (D)
  A draconian shifter (D)
  An ironheart preserver (D)
  A ghoul (D)
  3 stone giants (D)
  A vampire knight (D)
  2 black draconians (D)
  3 deep elf annihilators (D)
  4 green draconians (D)
  2 white draconians (D)
  2 spark wasps (D)
  A purple draconian (D)
  5 yellow draconians (D)
  3 red draconians (D)
  A merfolk javelineer (D)
  2 death oozes (D)
  7 fire dragons (D)
  5 vault guards (D)
  4 merfolk impalers (D)
  2 deep elf high priests (D)
  2 great orbs of eyes (D)
  5 ice dragons (D)
  A boulder beetle (D)
  2 hydras (D)
  2 merfolk aquamancers (D)
  A two-headed ogre (D)
  A thrashing horror (D)
  A dancing weapon (D)
  2 orc high priests (D)
  A small abomination (D)
  A deep elf knight (D)
  A skeletal warrior (D)
  5 death drakes (D)
  A flayed ghost (D)
  2 deep elf archers (D)
  2 spriggan druids (D)
  3 swamp dragons (D)
  A harpy (D)
  2 deep elf magi (D)
  2 wolf spiders (D)
  An orc sorcerer (D)
  2 cyclopes (D)
  A shining eye (D)
  3 orc knights (D)
  5 toenail golems (D)
  A water nymph (D)
  A black mamba (D)
  5 rime drakes (D)
  A demonic crawler (D)
  A merfolk (D)
  5 trolls (D)
  A jumping spider (D)
  3 slime creatures (D)
  A hornet (D)
  2 spriggans (D)
  A ynoxinul (D)
  2 air elementals (D)
  A water elemental (D)
  A tarantella (D)
  3 shadows (D)
  A fire elemental (D)
  4 wyverns (D)
  2 golden eyes (D)
  3 nagas (D)
  4 steam dragons (D)
  A warg (D)
  2 acid dragons (D)
  A floating eye (D)
  2 water moccasins (D)
  7 orc warriors (D)
  4 swamp drakes (D)
  4 ogres (D)
  4 wolves (D)
  A centaur (D)
  An earth elemental (D)
  A wight (D)
  4 orc priests (D)
  4 orc wizards (D)
  4 adders (D)
  An ufetubus (D)
  2 oozes (D)
  An adder skeleton (D)
  2 adder zombies (D)
  2 orcs (D)
  2 ball pythons (D)
  A bat skeleton (D)
  A giant cockroach zombie (D)
  2 quokka zombies (D)
  2 crawling corpses (D)
233 creatures vanquished.

Vanquished Creatures (collateral kills)
  A deep elf master archer (D)
  An orc warlord (D)
  An emperor scorpion (D)
  A yellow draconian (D)
  A deep elf annihilator (D)
  A purple draconian (D)
  A yaktaur captain (D)
  A deep elf high priest (D)
  A hydra (D)
  An ice dragon (D)
  A death drake (D)
  An orc knight (D)
  A deep elf mage (D)
  An orb spider (D)
  A wolf spider (D)
  A cyclops (D)
  A merfolk siren (D)
  2 rime drakes (D)
  A yaktaur (D)
  A slime creature (D)
  A tarantella (D)
  A fire elemental (D)
  2 steam dragons (D)
  3 acid dragons (D)
  5 orc warriors (D)
  3 jellies (D)
  2 oozes (D)
  A ball python (D)
39 creatures vanquished.

Vanquished Creatures (others)
  A draconian knight (D)
  A draconian stormcaller (D)
  A black draconian (D)
  A yellow draconian (D)
  A deep elf annihilator (D)
  An ice dragon (D)
  A troll (D)
  A wyvern (D)
  An acid dragon (D)
9 creatures vanquished.

Grand Total: 281 creatures vanquished

Notes
Turn   | Place    | Note
-------+----------+-------------------------------------------
     0 | D        | Zeld the Deep Dwarf Fighter began the quest for the Orb.
     0 | D        | Reached XP level 1. HP: 20/20 MP: 1/1
     3 | D        | Found a blossoming altar of Fedhas.
     4 | D        | Found the +6 Majin-Bo {vamp, MP+6 Int+6}
     4 | D        | Found the +9 heavy crossbow "Sniper" {vorpal, Acc+∞ SInv}
     4 | D        | Found the +10 dark maul {vorpal}
     4 | D        | Found the +15 Maxwell's patent armour {-Cast -Tele rElec
                  | Will+ rCorr}
     4 | D        | Found the +18 shield of the Gong {rElec rN+ Will+ EV-5}
     4 | D        | Found the cursed +14 obsidian axe {vorpal, +Fly SInv
                  | *Curse}
     4 | D        | Found the +7 great mace "Firestarter" {inner flame, rF++}
     4 | D        | Found the +6 shillelagh "Devastator" {shatter}
     4 | D        | Found the +11 plutonium sword {*Contam Stlth-}
     4 | D        | Found the +8 lance "Wyrmbane" {slay drac, rPois rF+ rC+
                  | AC+3}
     4 | D        | Found the +9 sword of Zonguldrok {reap}
     4 | D        | Found the cursed +13 scythe of Curses {drain, *Curse}
     4 | D        | Found the +5 sword of Power {vorpal}
     4 | D        | Found the +7 mace of Variability {chain chaos}
     4 | D        | Found the +7 Singing Sword {vorpal, sonic wave}
     4 | D        | Found the +8 storm bow {elec, penet}
     5 | D        | Found a viscous altar of Jiyva.
     5 | D        | Found a hazy altar of Hepliaklqana.
     5 | D        | Found a transporter.
     5 | D        | Found an opulent altar of Gozag.
     5 | D        | Found an ancient bone altar of Kikubaaqudgha.
     5 | D        | Found a corrupted altar of Lugonu.
     9 | D        | Found a burning altar of Makhleb.
    10 | D        | Found a sacrificial altar of Ru.
    10 | D        | Found a stormy altar of Qazlal.
    10 | D        | Found a shimmering blue altar of Sif Muna.
    10 | D        | Found an iron altar of Okawaru.
    10 | D        | Found a bloodstained altar of Trog.
    10 | D        | Found a sparkling altar of Nemelex Xobeh.
    37 | D        | Became a worshipper of Makhleb the Destroyer
    85 | D        | Entered arena 2.
    85 | D        | Noticed an orc wizard
    85 | D        | Found a transporter.
    88 | D        | Killed an orc wizard
    89 | D        | Reached skill level 5 in Shields
    89 | D        | Reached XP level 2. HP: 27/27 MP: 2/2
    89 | D        | Reached XP level 3. HP: 33/33 MP: 3/3
   344 | D        | Entered arena 3.
   344 | D        | Noticed a thrashing horror
   344 | D        | Noticed a ynoxinul
   344 | D        | Found a transporter.
   345 | D        | Reached XP level 4. HP: 40/40 MP: 4/4
   348 | D        | Reached * piety under Makhleb
   350 | D        | Killed a ynoxinul
   351 | D        | Reached skill level 10 in Axes
   351 | D        | Reached XP level 5. HP: 40/46 MP: 5/5
   352 | D        | Killed a thrashing horror
   353 | D        | Reached XP level 6. HP: 55/55 MP: 6/6
   353 | D        | Reached XP level 7. HP: 61/61 MP: 7/7
   514 | D        | Entered arena 4.
   514 | D        | Found a transporter.
   517 | D        | Reached ** piety under Makhleb
   523 | D        | Reached XP level 8. HP: 68/68 MP: 8/8
   526 | D        | Got the amulet "Nuzuxalu" {Spirit rPois}
   531 | D        | Got the ring "Banoistri" {rF+ EV+4}
   538 | D        | Got the Almanac of Toxic Translocation
   549 | D        | Entered arena 5.
   549 | D        | Noticed a cyclops
   549 | D        | Noticed a flayed ghost
   549 | D        | Noticed an ironheart preserver
   549 | D        | Noticed a fire dragon
   549 | D        | Found a transporter.
   557 | D        | Killed a fire dragon
   557 | D        | Reached *** piety under Makhleb
   557 | D        | Killed an ironheart preserver
   558 | D        | Gained mutation: You passively map the area around you.
                  | [Deep Dwarf growth]
   558 | D        | Reached XP level 9. HP: 64/74 MP: 0/9
   560 | D        | Killed a flayed ghost
   562 | D        | Killed a cyclops
   562 | D        | Reached **** piety under Makhleb
  1000 | D        | Entered arena 6.
  1000 | D        | Noticed a toenail golem
  1000 | D        | Noticed a toenail golem
  1000 | D        | Noticed a toenail golem
  1000 | D        | Noticed a toenail golem
  1000 | D        | Noticed a toenail golem
  1000 | D        | Found a transporter.
  1003 | D        | Killed a toenail golem
  1004 | D        | Reached XP level 10. HP: 81/81 MP: 0/10
  1005 | D        | Killed a toenail golem
  1006 | D        | Killed a toenail golem
  1008 | D        | Killed a toenail golem
  1010 | D        | Killed a toenail golem
  1010 | D        | Reached ***** piety under Makhleb
  1124 | D        | Got the amulet of False Pretenses {Acrobat +Fly rN+}
  1375 | D        | Entered arena 7.
  1376 | D        | Identified the cursed +3 morningstar "Uceus" {venom, rN+}
  1376 | D        | Found a transporter.
  1509 | D        | Entered arena 8.
  1527 | D        | Reached ****** piety under Makhleb
  1528 | D        | Found a transporter.
  1705 | D        | Entered arena 9.
  1706 | D        | Found a transporter.
  1733 | D        | Entered arena 10.
  1733 | D        | Noticed a spriggan druid
  1733 | D        | Noticed a spriggan druid
  1733 | D        | Noticed a spriggan rider
  1734 | D        | Found a transporter.
  1739 | D        | Killed a spriggan druid
  1743 | D        | Killed a spriggan druid
  1747 | D        | Killed a spriggan rider
  1748 | D        | Reached XP level 11. HP: 88/88 MP: 0/11
  1989 | D        | Entered arena 11.
  1990 | D        | Found a transporter.
  2668 | D        | Entered arena 12.
  2668 | D        | Noticed a shadow dragon
  2668 | D        | Noticed a vault guard
  2668 | D        | Noticed a shadow dragon
  2668 | D        | Noticed a vault guard
  2669 | D        | Noticed a lich
  2669 | D        | Noticed a vault guard
  2669 | D        | Noticed a vault guard
  2669 | D        | Noticed a vault guard
  2669 | D        | Noticed a yaktaur captain
  2670 | D        | Found a transporter.
  2678 | D        | Killed a vault guard
  2679 | D        | Killed a vault guard
  2681 | D        | Killed a shadow dragon
  2685 | D        | Killed a shadow dragon
  2687 | D        | Killed a lich
  2687 | D        | Killed a vault guard
  2688 | D        | Reached XP level 12. HP: 81/96 MP: 0/12
  2688 | D        | Killed a vault guard
  2688 | D        | Killed a yaktaur captain
  2693 | D        | Killed a vault guard
  3170 | D        | Entered arena 13.
  3170 | D        | Noticed a fire dragon
  3170 | D        | Noticed an ice dragon
  3172 | D        | Found the ring of the Mage {Wiz Will++ Int+3}
  3172 | D        | Found a transporter.
  3177 | D        | Killed a fire dragon
  3187 | D        | Killed an ice dragon
  3188 | D        | Reached skill level 1 in Spellcasting
  3188 | D        | Reached skill level 2 in Invocations
  3192 | D        | Reached skill level 3 in Invocations
  3658 | D        | Entered arena 14.
  3670 | D        | Reached skill level 4 in Invocations
  3865 | D        | Noticed a merfolk aquamancer
  3865 | D        | Noticed a merfolk impaler
  3865 | D        | Noticed a merfolk aquamancer
  3865 | D        | Noticed a merfolk impaler
  3866 | D        | Identified the cursed +1 glaive "Dwarf's Doom" {vorpal,
                  | +Fly MP+9}
  3866 | D        | Noticed a merfolk javelineer
  3866 | D        | Noticed a merfolk impaler
  3866 | D        | Noticed a merfolk impaler
  3869 | D        | Reached skill level 5 in Invocations
  3872 | D        | Killed a merfolk aquamancer
  3873 | D        | Reached skill level 5 in Fighting
  3873 | D        | Reached skill level 6 in Invocations
  3875 | D        | Killed a merfolk aquamancer
  3876 | D        | Reached skill level 5 in Armour
  3880 | D        | Killed a merfolk impaler
  3881 | D        | Reached skill level 7 in Invocations
  3881 | D        | Found a transporter.
  3884 | D        | Killed a merfolk impaler
  3885 | D        | Reached skill level 8 in Invocations
  3885 | D        | Killed a merfolk javelineer
  3887 | D        | Killed a merfolk impaler
  3888 | D        | Reached skill level 9 in Invocations
  3888 | D        | Reached XP level 13. HP: 102/115 MP: 0/20
  3894 | D        | Killed a merfolk impaler
  4178 | D        | Entered arena 15.
  4179 | D        | Noticed an emperor scorpion
  4179 | D        | Noticed a ghost moth
  4179 | D        | Noticed a spark wasp
  4179 | D        | Noticed an emperor scorpion
  4180 | D        | Noticed a spark wasp
  4186 | D        | Killed a spark wasp
  4187 | D        | Reached skill level 10 in Invocations
  4192 | D        | Killed a ghost moth
  4192 | D        | Killed a spark wasp
  4193 | D        | Reached skill level 5 in Spellcasting
  4193 | D        | Reached skill level 11 in Invocations
  4201 | D        | Killed an emperor scorpion
  4202 | D        | Reached skill level 12 in Invocations
  4203 | D        | Killed an emperor scorpion
  4205 | D        | Found a transporter.
  4208 | D        | Reached skill level 13 in Invocations
  4211 | D        | Reached skill level 10 in Fighting
  4324 | D        | Got the Handbook of the Rocks
  4340 | D        | Learned a level 2 spell: Blink
  4344 | D        | Learned a level 3 spell: Gell's Gravitas
  4348 | D        | Learned a level 3 spell: Lesser Beckoning
  4352 | D        | Learned a level 3 spell: Teleport Other
  4357 | D        | Learned a level 4 spell: Passage of Golubria
  4538 | D        | Entered arena 16.
  4539 | D        | Noticed a ghoul
  4539 | D        | Noticed a vampire knight
  4540 | D        | Found the cursed necklace of Bloodlust {*Rage +Rage Will++
                  | Int-3 Slay+6 *Curse}
  4541 | D        | Found a transporter.
  4550 | D        | Killed a ghoul
  4551 | D        | Killed a vampire knight
  4556 | D        | Reached skill level 14 in Invocations
  4684 | D        | Got the Handbook of Dark Stones
  4693 | D        | Got the +4 pair of boots of Pleasant Breezes {rC+ Str+4}
  4891 | D        | Entered arena 17.
  4894 | D        | Noticed an acid blob
  4894 | D        | Noticed an azure jelly
  4894 | D        | Noticed a death ooze
  4895 | D        | Noticed a death ooze
  4895 | D        | Paralysed by a floating eye for 2 turns
  4896 | D        | Found the ring of the Octopus King {rF+ AC+1 EV+1 Str+1
                  | Int+1 Dex+1}
  4897 | D        | Found a transporter.
  4904 | D        | Killed an acid blob
  4907 | D        | Killed a death ooze
  4908 | D        | Reached skill level 15 in Invocations
  4910 | D        | Killed a death ooze
  4910 | D        | Killed an azure jelly
  4911 | D        | Reached skill level 10 in Armour
  4913 | D        | Reached skill level 16 in Invocations
  5049 | D        | Got the ring "Eschaadi" {Will+ Str+4}
  5172 | D        | Entered arena 18.
  5176 | D        | Identified the +10 broad axe "Goblin's Nightmare" {vorpal,
                  | Will+}
  5176 | D        | Noticed an orc warlord
  5177 | D        | Found a transporter.
  5183 | D        | Gained mutation: You resist negative energy. (rN+) [Deep
                  | Dwarf growth]
  5183 | D        | Reached XP level 14. HP: 139/139 MP: 0/26
  5193 | D        | Killed an orc warlord
  5196 | D        | Reached skill level 17 in Invocations
  5313 | D        | Got Satigibb's Tome of Icy Arcane Weapons
  5317 | D        | Got the Reference Book on Supportive Fire
  5323 | D        | Got the cursed -1 pair of gloves of Wicoono {rCorr}
  5330 | D        | Got Aroun's Disquisition on Curses and Stolen Souls
  5504 | D        | Entered arena 19.
  5507 | D        | Noticed a fire giant
  5507 | D        | Noticed a stone giant
  5507 | D        | Noticed a stone giant
  5507 | D        | Noticed a stone giant
  5507 | D        | Noticed a fire giant
  5507 | D        | Noticed a frost giant
  5508 | D        | Noticed a frost giant
  5509 | D        | Noticed a fire giant
  5509 | D        | Noticed a fire giant
  5510 | D        | Found the +1 cloak of Starlight {*Dazzle EV+4 Stlth--}
  5510 | D        | Found a transporter.
  5515 | D        | Killed a fire giant
  5516 | D        | Killed a fire giant
  5518 | D        | Killed a frost giant
  5519 | D        | Reached skill level 18 in Invocations
  5523 | D        | Killed a fire giant
  5524 | D        | Killed a fire giant
  5525 | D        | Killed a frost giant
  5525 | D        | Killed a stone giant
  5525 | D        | Killed a stone giant
  5526 | D        | Reached skill level 19 in Invocations
  5528 | D        | Killed a stone giant
  5611 | D        | Got the Compendium of Calling and Displacement
  5890 | D        | Entered arena 20.
  5898 | D        | Found a transporter.
  5909 | D        | Reached skill level 15 in Fighting
  5909 | D        | Reached skill level 10 in Spellcasting
  5909 | D        | Reached skill level 20 in Invocations
  5997 | D        | Got the Compendium of Ignition and Translocation
  6004 | D        | Got the ring "Huweity" {Fire rN+ Str-3 Slay+2}
  6008 | D        | Got the +7 plate armour of the Butcher {Dex+3}
  6034 | D        | Got the Incunabulum of the Ancient Princes
  6043 | D        | Entered arena 21.
  6047 | D        | Noticed a shadow dragon
  6047 | D        | Noticed an iron dragon
  6047 | D        | Noticed a quicksilver dragon
  6047 | D        | Noticed an iron dragon
  6048 | D        | Noticed a golden dragon
  6050 | D        | Found a transporter.
  6054 | D        | Killed a quicksilver dragon
  6055 | D        | Reached skill level 21 in Invocations
  6058 | D        | Killed an iron dragon
  6059 | D        | Reached XP level 15. HP: 133/157 MP: 0/29
  6061 | D        | Killed a golden dragon
  6066 | D        | Reached skill level 22 in Invocations
  6070 | D        | Killed a shadow dragon
  6073 | D        | Killed an iron dragon
  6078 | D        | Reached skill level 15 in Armour
  6242 | D        | Entered arena 22.
  6246 | D        | Noticed a yellow draconian knight
  6246 | D        | Noticed a black draconian monk
  6246 | D        | Noticed a green draconian knight
  6247 | D        | Identified the +7 broad axe of Watchfulness {vorpal, Str+3}
  6248 | D        | Noticed a green draconian knight
  6248 | D        | Noticed a yellow draconian knight
  6249 | D        | Noticed a red draconian knight
  6249 | D        | Identified the cursed +0 hand axe of the Wasp {vorpal,
                  | *Corrode +Blink SInv}
  6250 | D        | Found a transporter.
  6257 | D        | Killed a black draconian monk
  6258 | D        | Reached skill level 23 in Invocations
  6259 | D        | Killed a yellow draconian knight
  6263 | D        | Killed a green draconian knight
  6266 | D        | Killed a yellow draconian knight
  6269 | D        | Reached skill level 24 in Invocations
  6277 | D        | Killed a green draconian knight
  6285 | D        | Killed a red draconian knight
  6295 | D        | Reached skill level 25 in Invocations
  6404 | D        | Got the Grimoire of the Cuttlefish
  6428 | D        | Entered arena 23.
  6434 | D        | Noticed a deep elf master archer
  6434 | D        | Noticed a deep elf master archer
  6434 | D        | Noticed a deep elf blademaster
  6435 | D        | Noticed a deep elf master archer
  6435 | D        | Found a transporter.
  6435 | D        | Identified the +4 great sword of Tengaehi {vorpal, *Drain
                  | rC+ Dex+4}
  6435 | D        | Noticed a deep elf sorcerer
  6435 | D        | Noticed a deep elf sorcerer
  6435 | D        | Noticed a deep elf sorcerer
  6435 | D        | Noticed a deep elf blademaster
  6435 | D        | Noticed a deep elf master archer
  6435 | D        | Identified the cursed +1 rapier of Frustration {vorpal,
                  | SInv}
  6435 | D        | Noticed a deep elf master archer
  6435 | D        | Noticed a deep elf master archer
  6435 | D        | Noticed a deep elf master archer
  6436 | D        | Found the -2 hat of the Alchemist {rElec rPois rF+ rC+ rN+
                  | Will+ rMut rCorr}
  6436 | D        | Identified the +4 battleaxe "Killer Klown's Curse" {freeze,
                  | +Fly rN+ Dex+5}
  6439 | D        | Killed a deep elf sorcerer
  6440 | D        | Killed a deep elf sorcerer
  6441 | D        | Killed a deep elf master archer
  6442 | D        | Reached XP level 16. HP: 176/176 MP: 0/33
  6444 | D        | Killed a deep elf master archer
  6445 | D        | Killed a deep elf blademaster
  6445 | D        | Killed a deep elf master archer
  6446 | D        | Reached skill level 26 in Invocations
  6447 | D        | Killed a deep elf master archer
  6448 | D        | Killed a deep elf master archer
  6449 | D        | Killed a deep elf master archer
  6454 | D        | Killed a deep elf blademaster
  6467 | D        | Reached skill level 27 in Invocations
  6469 | D        | Killed a deep elf master archer
  6586 | D        | Got the ring "Hudghaemank" {rC- Str+2 Dex+8 Stlth+}
  6594 | D        | Got the Papyrus of Confrontation
  6847 | D        | Entered arena 24.
  6853 | D        | Noticed a storm dragon
  6853 | D        | Noticed an electric golem
  6853 | D        | Noticed a storm dragon
  6853 | D        | Noticed an electric golem
  6853 | D        | Noticed an electric golem
  6853 | D        | Noticed an electric golem
  6853 | D        | Noticed an electric golem
  6853 | D        | Noticed a titan
  6853 | D        | Noticed a titan
  6853 | D        | Noticed a titan
  6853 | D        | Noticed a storm dragon
  6853 | D        | Noticed a storm dragon
  6854 | D        | Noticed a storm dragon
  6854 | D        | Found a transporter.
  6854 | D        | Noticed an electric golem
  6854 | D        | Noticed a storm dragon
  6854 | D        | Noticed a titan
  6854 | D        | Noticed a storm dragon
  6854 | D        | Noticed an electric golem
  6854 | D        | Noticed a storm dragon
  6855 | D        | HP: 7/182 [spriggan air mage/the air (12)]
  6855 | D        | Killed from afar by an electric golem

Illustrated notes

Levels and vault maps discovered:
D:        sprint_v [room_start, room_1, room_2, room_3, room_4, room_5, room_6,
          room_7, room_8, room_9, room_10, room_11, room_12, room_13, room_14,
          room_15, room_16, room_17, room_18, room_19, room_20, room_21,
          room_22, room_23, room_24, room_25, room_26, room_27]

Skill      XL: |  1  2  3  4  5  6  7  8  9 10 11 12 13 14 15 16 |
---------------+-------------------------------------------------+-----
Axes           | 4 8 10 12 13 16 17 19 20 | 20.0
Shields        | 5 9 11 13 16 17 19 23 25 | 25.0
Fighting       | 7 12 16 19 21 | 21.1
Spellcasting   | 4 7 10 13 14 | 14.5
Invocations    | 9 16 21 25 27 | 27.0
Armour         | 6 10 13 16 18 | 18.3
Unarmed Combat | |  1.7

Action                   |  1- 3 |  4- 6 |  7- 9 | 10-12 | 13-15 | 16-18 || total
-------------------------+-------+-------+-------+-------+-------+-------++-------
Melee: Broad axe         |     2 |     7 |    19 |   108 |   201 |    37 ||   374
  Use: Potion            |     1 |       |     1 |     1 |     6 |     7 ||    16
       Scroll            |       |       |       |       |     2 |     2 ||     4
 Stab: Confused          |       |       |       |     3 |       |       ||     3
       Invisible         |       |       |       |       |    39 |     2 ||    41
       Distracted        |       |       |       |       |     1 |       ||     1
Armor: Crystal plate arm |     1 |    12 |     9 |    42 |   163 |    32 ||   259
Dodge: Dodged            |       |     1 |       |    11 |   103 |    22 ||   137
Block: Tower shield      |     4 |    14 |    24 |   161 |   403 |    92 ||   698
